NYP
BATAVIA MUCKDOGS @ AUBURN DOUBLEDAYS
08/23/2099
 
TOP OF THE 1ST
Batavia Muckdogs batting - Pitching for Auburn Doubledays : RHP Manny Vasquez
Pitching: RHP Manny Vasquez
Batting: LHB Lynssl Goldstein 0-0: Ball
1-0: Ball
2-0: Ball
3-0: Base on Balls
Batting: RHB Cody Naylor 0-0: Foul Ball, location: 9LDF
0-1: Ball
1-1: Ball
2-1: Ball
3-1: Called Strike
3-2: Fielders Choice at 2nd, 3-6 (Groundball, 34, EV 99.4 MPH)
Batting: RHB Jesse Walker 0-0: SINGLE (Line Drive, 7S, EV 88.8 MPH)
Cody Naylor to second
Batting: RHB Pat Ciappa 0-0: Called Strike
0-1: Swinging Strike
0-2: Ball
1-2: Ball
2-2: Strikes out swinging
Batting: RHB Cesar Torres 0-0: Ball
1-0: Foul Ball, location: 2F
1-1: SINGLE (Line Drive, 78M, EV 90.0 MPH)
Cody Naylor to third
Jesse Walker to second
Runner from 3rd tries for Home, SAFE, throw by CF to home
Batting: LHB Casey Bulger 0-0: Called Strike
0-1: SINGLE (Groundball, 15, EV 71.3 MPH) (infield hit)
Jesse Walker to third
Cesar Torres to second
Batting: LHB David Montoya 0-0: Ball
1-0: Foul Ball, location: 2F
1-1: Foul Ball, location: 9LSF
1-2: Strikes out swinging
Top of the 1st over - 1 run, 3 hits, 0 errors, 3 left on base; Batavia 1 - Auburn 0
BOTTOM OF THE 1ST
Auburn Doubledays batting - Pitching for Batavia Muckdogs : LHP Doug Peay
Pitching: LHP Doug Peay
Batting: LHB Bobby Lane 0-0: Ground out 5-3 (Groundball, 15, EV 80.6 MPH)
Batting: RHB Ryan Usery 0-0: Called Strike
0-1: Foul Ball, location: 9LSF
0-2: Fly out, F9 (Flyball, 89M, EV 100.0 MPH)
Batting: RHB Devon Thibeau 0-0: Called Strike
0-1: Ball
1-1: Ball
2-1: Ball
3-1: SINGLE (Line Drive, 56, EV 96.9 MPH)
Batting: RHB Matthew Lizaso 0-0: Swinging Strike
0-1: SINGLE (Groundball, 6, EV 106.9 MPH) (infield hit)
Devon Thibeau to second
Batting: RHB Jordan Sowell 0-0: Ball
1-0: Ball
2-0: Ball
3-0: Called Strike
3-1: Base on Balls
Devon Thibeau to third
Matthew Lizaso to second
Batting: RHB Josh Baker 0-0: Called Strike
0-1: Ball
1-1: Foul Ball, location: 5F
1-2: SINGLE (Flyball, 8LS, EV 98.1 MPH)
Devon Thibeau scores
Matthew Lizaso to third
Jordan Sowell to second
Runner from 3rd tries for Home, SAFE, throw by CF to home
Batting: RHB Jake Hays 0-0: Ball
1-0: Called Strike
1-1: Called Strike
1-2: Strikes out looking
Bottom of the 1st over - 2 runs, 3 hits, 0 errors, 2 left on base; Batavia 1 - Auburn 2
TOP OF THE 2ND
Batavia Muckdogs batting - Pitching for Auburn Doubledays : RHP Manny Vasquez
Batting: SHB Josh Tull 0-0: Fly out, F7 (Flyball, 78D, EV 80.0 MPH)
Batting: LHB Abraham Duran 0-0: Ball
1-0: Ball
2-0: Foul Ball, location: 23FF
2-1: Ground out U3 (Groundball, 3S, EV 87.5 MPH)
Batting: LHB Lynssl Goldstein 0-0: Ball
1-0: Ball
2-0: Swinging Strike
2-1: Foul Ball, location: 25F
2-2: Ball
3-2: Strikes out swinging
Top of the 2nd over - 0 runs, 0 hits, 0 errors, 0 left on base; Batavia 1 - Auburn 2
BOTTOM OF THE 2ND
Auburn Doubledays batting - Pitching for Batavia Muckdogs : LHP Doug Peay
Batting: RHB Ryan Phillips 0-0: Ball
1-0: Called Strike
1-1: Foul Ball, location: 25FF
1-2: Ball
2-2: Foul Ball, location: 5FF
2-2: Ball
3-2: Foul Ball, location: 23F
3-2: Foul Ball, location: 2F
3-2: Foul Ball, location: 2F
3-2: Fly out, F8 (Flyball, 8RXD, EV 98.1 MPH)
Batting: RHB Mark Tackett 0-0: Ball
1-0: Called Strike
1-1: Ground out 5-3 (Groundball, 56, EV 80.6 MPH)
Batting: LHB Bobby Lane 0-0: Ball
1-0: Swinging Strike
1-1: Ball
2-1: Ball
3-1: SOLO HOME RUN (Flyball, 9D, EV 105.0 MPH), Distance : 402 ft
Batting: RHB Ryan Usery 0-0: Swinging Strike
0-1: Called Strike
0-2: Fly out, F9 (Flyball, 9D, EV 88.8 MPH)
Bottom of the 2nd over - 1 run, 1 hit, 0 errors, 0 left on base; Batavia 1 - Auburn 3
TOP OF THE 3RD
Batavia Muckdogs batting - Pitching for Auburn Doubledays : RHP Manny Vasquez
Batting: RHB Cody Naylor 0-0: Ball
1-0: Ball
2-0: Ball
3-0: Called Strike
3-1: Swinging Strike
3-2: SINGLE (Flyball, 9LS, EV 88.1 MPH)
Batting: RHB Jesse Walker 0-0: Ball
1-0: Called Strike
1-1: SINGLE (Flyball, 8RS, EV 86.3 MPH)
Cody Naylor to second
Batting: RHB Pat Ciappa 0-0: Ball
1-0: Ball
2-0: Foul Ball, location: 2LF
2-1: Ball
3-1: Base on Balls
Cody Naylor to third
Jesse Walker to second
Batting: RHB Cesar Torres 0-0: Ball
1-0: Ball
2-0: Fly out, F8 (Flyball, 8RD, EV 109.4 MPH)
Runner from 3rd tags up, SCORES, throw by CF
Jesse Walker to third
Batting: LHB Casey Bulger 0-0: Grounds into double play, 4-6-3 (Groundball, 4D, EV 103.1 MPH)
Top of the 3rd over - 1 run, 2 hits, 0 errors, 1 left on base; Batavia 2 - Auburn 3
BOTTOM OF THE 3RD
Auburn Doubledays batting - Pitching for Batavia Muckdogs : LHP Doug Peay
Batting: RHB Devon Thibeau 0-0: DOUBLE (Line Drive, 7LM, EV 103.1 MPH)
Batting: RHB Matthew Lizaso 0-0: Called Strike
0-1: Fly out, F8 (Flyball, 8RD, EV 103.1 MPH)
Batting: RHB Jordan Sowell 0-0: Ball
1-0: SINGLE (Groundball, P, EV 88.1 MPH) (infield hit)
Devon Thibeau to third
Batting: RHB Josh Baker 0-0: Swinging Strike
0-1: Ball
1-1: Called Strike
1-2: Ball
2-2: Ball
3-2: Foul Ball, location: 9LDF
3-2: Foul Ball, location: 25F
3-2: Ground out 6-3 (Groundball, P, EV 80.0 MPH)
Jordan Sowell to second
Batting: RHB Jake Hays 0-0: Foul Ball, location: 25FF
0-1: Foul Ball, location: 9LDF
0-2: Ball
1-2: Ball
2-2: SINGLE (Line Drive, 7LS, EV 101.3 MPH)
Devon Thibeau scores
Jordan Sowell to third
Batting: RHB Ryan Phillips 0-0: Ball
1-0: Called Strike
1-1: Ball
2-1: Ball
3-1: 3-RUN HOME RUN (Flyball, 9D, EV 100.0 MPH), Distance : 391 ft
Pitching: RHP Elias Marrero
Batting: RHB Mark Tackett 0-0: Fly out, F7 (Flyball, 78D, EV 83.8 MPH)
Bottom of the 3rd over - 4 runs, 4 hits, 0 errors, 0 left on base; Batavia 2 - Auburn 7
TOP OF THE 4TH
Batavia Muckdogs batting - Pitching for Auburn Doubledays : RHP Manny Vasquez
Batting: LHB David Montoya 0-0: Swinging Strike
0-1: Ball
1-1: Foul Ball, location: 2F
1-2: Foul Ball, location: 5SF
1-2: Ball
2-2: Fly out, F8 (Flyball, 78M, EV 90.0 MPH)
Batting: SHB Josh Tull 0-0: Ball
1-0: Called Strike
1-1: Ball
2-1: Fly out, F9 (Flyball, 9S, EV 83.1 MPH)
Batting: LHB Abraham Duran 0-0: Ball
1-0: Swinging Strike
1-1: Ball
2-1: Ball
3-1: Called Strike
3-2: Base on Balls
Batting: LHB Lynssl Goldstein 0-0: Ground out 1-3 (Groundball, 13S, EV 68.1 MPH)
Top of the 4th over - 0 runs, 0 hits, 0 errors, 1 left on base; Batavia 2 - Auburn 7
BOTTOM OF THE 4TH
Auburn Doubledays batting - Pitching for Batavia Muckdogs : RHP Elias Marrero
Batting: LHB Bobby Lane 0-0: Ball
1-0: Foul Ball, location: 2F
1-1: Ball
2-1: Ground out 5-3 (Groundball, 5L, EV 103.8 MPH)
Batting: RHB Ryan Usery 0-0: Ball
1-0: Foul Ball, location: 2F
1-1: Foul Ball, location: 2F
1-2: Ball
2-2: Foul Ball, location: 3DF
2-2: Foul Ball, location: 2F
2-2: Ball
3-2: Foul Ball, location: 3F
3-2: Fly out, F6 (Line Drive, 6, EV 68.1 MPH)
Batting: RHB Devon Thibeau 0-0: Called Strike
0-1: Swinging Strike
0-2: Strikes out swinging
Bottom of the 4th over - 0 runs, 0 hits, 0 errors, 0 left on base; Batavia 2 - Auburn 7
TOP OF THE 5TH
Batavia Muckdogs batting - Pitching for Auburn Doubledays : RHP Manny Vasquez
Batting: RHB Cody Naylor 0-0: Ball
1-0: Ball
2-0: Called Strike
2-1: Foul Ball, location: 3F
2-2: Strikes out swinging
Batting: RHB Jesse Walker 0-0: Ball
1-0: Called Strike
1-1: Called Strike
1-2: Strikes out swinging
Batting: RHB Pat Ciappa 0-0: Called Strike
0-1: Foul Ball, location: 3SF
0-2: Strikes out looking
Top of the 5th over - 0 runs, 0 hits, 0 errors, 0 left on base; Batavia 2 - Auburn 7
BOTTOM OF THE 5TH
Auburn Doubledays batting - Pitching for Batavia Muckdogs : RHP Elias Marrero
Batting: RHB Matthew Lizaso 0-0: Ball
1-0: Ball
2-0: Fly out, F8 (Flyball, 8RS, EV 82.5 MPH)
Batting: RHB Jordan Sowell 0-0: Swinging Strike
0-1: Ball
1-1: Ball
2-1: Foul Ball, location: 2F
2-2: Strikes out swinging
Batting: RHB Josh Baker 0-0: Swinging Strike
0-1: Swinging Strike
0-2: Fly out, F9 (Flyball, 9D, EV 101.3 MPH)
Bottom of the 5th over - 0 runs, 0 hits, 0 errors, 0 left on base; Batavia 2 - Auburn 7
TOP OF THE 6TH
Batavia Muckdogs batting - Pitching for Auburn Doubledays : RHP Manny Vasquez
Batting: RHB Cesar Torres 0-0: Ball
1-0: Swinging Strike
1-1: Ball
2-1: SINGLE (Line Drive, 78S, EV 88.1 MPH)
Pitching: RHP Trevor Stokes
Batting: LHB Casey Bulger 0-0: Called Strike
0-1: Swinging Strike
0-2: Foul Ball, location: 2F
0-2: Ball
1-2: Strikes out looking
Batting: LHB David Montoya 0-0: Swinging Strike
0-1: Foul Ball, location: 2F
0-2: Ball
1-2: Strikes out swinging
Batting: SHB Josh Tull 0-0: Foul Ball, location: 2F
0-1: Called Strike
0-2: Ball
1-2: Foul Ball, location: 3F
1-2: Foul Ball, location: 3DF
1-2: Ball
Cesar Torres is caught stealing 2nd base 2-6
Top of the 6th over - 0 runs, 1 hit, 0 errors, 0 left on base; Batavia 2 - Auburn 7
BOTTOM OF THE 6TH
Auburn Doubledays batting - Pitching for Batavia Muckdogs : RHP Elias Marrero
Batting: RHB Jake Hays 0-0: Ball
1-0: DOUBLE (Line Drive, 3D, EV 98.1 MPH)
Batting: RHB Ryan Phillips 0-0: Ball
1-0: Foul Ball, location: 2F
1-1: Swinging Strike
1-2: Ball
2-2: Ball
3-2: Strikes out swinging
Batting: RHB Mark Tackett 0-0: Foul Ball, location: 2F
0-1: Foul Ball, location: 9LDF
0-2: Ground out 6-3 (Groundball, 56, EV 99.4 MPH)
Pitching: RHP Fernando Alvarez
Batting: LHB Bobby Lane 0-0: Fly out, F4 (Line Drive, 4, EV 67.5 MPH)
Bottom of the 6th over - 0 runs, 1 hit, 0 errors, 1 left on base; Batavia 2 - Auburn 7
TOP OF THE 7TH
Batavia Muckdogs batting - Pitching for Auburn Doubledays : RHP Trevor Stokes
Batting: SHB Josh Tull 0-0: Called Strike
0-1: Foul Ball, location: 5F
0-2: Ball
1-2: Strikes out swinging
Batting: LHB Abraham Duran 0-0: Ball
1-0: Foul Ball, location: 2F
1-1: Ball
2-1: Foul Ball, location: 7LMF
2-2: Ball
3-2: Foul Ball, location: 2F
3-2: Strikes out swinging
Batting: LHB Lynssl Goldstein 0-0: Ball
1-0: Called Strike
1-1: Ball
2-1: Foul Ball, location: 2F
2-2: Foul Ball, location: 5SF
2-2: SINGLE (Groundball, 4MD, EV 97.5 MPH)
Batting: RHB Cody Naylor 0-0: Called Strike
0-1: Swinging Strike
0-2: Strikes out swinging
Top of the 7th over - 0 runs, 1 hit, 0 errors, 1 left on base; Batavia 2 - Auburn 7
BOTTOM OF THE 7TH
Auburn Doubledays batting - Pitching for Batavia Muckdogs : RHP Fernando Alvarez
Batting: RHB Ryan Usery 0-0: Called Strike
0-1: Ball
1-1: Ball
2-1: Ball
3-1: Foul Ball, location: 7LSFF
3-2: SINGLE (Groundball, 5D, EV 105.6 MPH)
Batting: RHB Devon Thibeau 0-0: Called Strike
Ryan Usery steals 2nd base (no throw)
0-1: DOUBLE (Line Drive, 78D, EV 100.0 MPH)
Ryan Usery scores
Batting: RHB Matthew Lizaso 0-0: Called Strike
0-1: Ball
1-1: Fly out, F8 (Flyball, 8RD, EV 104.4 MPH)
Batting: RHB Jordan Sowell 0-0: Ball
1-0: Ball
2-0: Called Strike
2-1: Swinging Strike
2-2: Ball
3-2: DOUBLE (Groundball, 5L, EV 103.1 MPH)
Devon Thibeau scores
Batting: RHB Josh Baker 0-0: Swinging Strike
0-1: Foul Ball, location: 9LMF
0-2: Strikes out swinging
Batting: RHB Jake Hays 0-0: Ball
1-0: Foul Ball, location: 5DF
1-1: Swinging Strike
1-2: Foul Ball, location: 2F
1-2: Ball
2-2: Ball
3-2: Base on Balls
Batting: RHB Ryan Phillips 0-0: Ball
1-0: Fly out, F7 (Flyball, 78M, EV 91.9 MPH)
Bottom of the 7th over - 2 runs, 3 hits, 0 errors, 2 left on base; Batavia 2 - Auburn 9
TOP OF THE 8TH
Batavia Muckdogs batting - Pitching for Auburn Doubledays : RHP Trevor Stokes
Batting: RHB Jesse Walker 0-0: Swinging Strike
0-1: Ball
1-1: Foul Ball, location: 2F
1-2: Strikes out swinging
Batting: RHB Pat Ciappa 0-0: Ball
1-0: Fly out, F6 (Popup, P, EV 71.9 MPH)
Batting: RHB Cesar Torres 0-0: Ball
1-0: Foul Ball, location: 3FF
1-1: Swinging Strike
1-2: Ball
2-2: Foul Ball, location: 5FF
2-2: Strikes out swinging
Top of the 8th over - 0 runs, 0 hits, 0 errors, 0 left on base; Batavia 2 - Auburn 9
BOTTOM OF THE 8TH
Auburn Doubledays batting - Pitching for Batavia Muckdogs : RHP Fernando Alvarez
Batting: RHB Mark Tackett 0-0: Ball
1-0: Ball
2-0: Ball
3-0: Called Strike
3-1: SINGLE (Groundball, 6MD, EV 95.0 MPH)
Batting: LHB Bobby Lane 0-0: Ball
1-0: Ball
2-0: Ball
3-0: Foul Ball, location: 7LMF
3-1: Base on Balls
Mark Tackett to second
Batting: RHB Ryan Usery 0-0: Ball
1-0: Called Strike
1-1: Swinging Strike
1-2: Foul Ball, location: 7LDF
1-2: Strikes out swinging
Batting: RHB Devon Thibeau 0-0: Ball
1-0: Foul Ball, location: 5F
1-1: Ball
2-1: Ball
3-1: Base on Balls
Mark Tackett to third
Bobby Lane to second
Pitching: RHP Julio Nunez
Batting: RHB Matthew Lizaso 0-0: Called Strike
0-1: Ball
1-1: Ball
Wild Pitch!
Mark Tackett scores
Bobby Lane to third
Devon Thibeau to second
2-1: Ball
3-1: SINGLE (Line Drive, 56D, EV 110.6 MPH)
Bobby Lane scores
Devon Thibeau to third
Batting: RHB Jordan Sowell 0-0: Called Strike
0-1: Called Strike
0-2: Foul Ball, location: 5F
0-2: Strikes out swinging
Batting: RHB Josh Baker 0-0: Ball
1-0: Ball
2-0: Ball
3-0: Called Strike
3-1: Swinging Strike
3-2: Strikes out swinging
Bottom of the 8th over - 2 runs, 2 hits, 0 errors, 2 left on base; Batavia 2 - Auburn 11
TOP OF THE 9TH
Batavia Muckdogs batting - Pitching for Auburn Doubledays : RHP Trevor Stokes
Batting: LHB Casey Bulger 0-0: Ball
1-0: Foul Ball, location: 5DF
1-1: Ball
2-1: Ball
3-1: Called Strike
3-2: Base on Balls
Pitching: RHP Sal Camacho
Batting: LHB David Montoya 0-0: Called Strike
0-1: Ball
1-1: Called Strike
1-2: Foul Ball, location: 5DF
1-2: Strikes out swinging
Pinch Hitting: RHB Vince Trumm 0-0: Called Strike
0-1: Foul Ball, location: 2F
0-2: SINGLE (Groundball, P, EV 106.3 MPH) (infield hit)
Casey Bulger to second
Pinch Hitting: LHB David Serna 0-0: Ball
Wild Pitch!
Casey Bulger to third
Vince Trumm to second
1-0: Called Strike
1-1: Ball
2-1: Ball
3-1: Called Strike
3-2: Base on Balls
Batting: LHB Lynssl Goldstein 0-0: DOUBLE (Groundball, 3L, EV 102.5 MPH)
Casey Bulger scores
Vince Trumm scores
David Serna to third
Batting: RHB Cody Naylor 0-0: Called Strike
0-1: Ground out 4-3 (Groundball, 4, EV 106.9 MPH)
David Serna scores
Lynssl Goldstein to third
Batting: RHB Jesse Walker 0-0: Ball
1-0: Called Strike
1-1: Swinging Strike
1-2: Strikes out looking
Top of the 9th over - 3 runs, 2 hits, 0 errors, 1 left on base; Batavia 5 - Auburn 11
Monday, May 13th , 2024 - OOTP Baseball 24.11 Build 85